 Dungeon Crawl Stone Soup version 0.18.1-48-g4cf74bf (webtiles) character file.

372 Charly the Ruffian (level 6, -6/37 HPs)
             Began as a Gargoyle Skald on Sept 7, 2016.
             Was a Follower of Zin.
             Mangled by a wyvern (13 damage)
             ... on level 6 of the Dungeon.
             The game lasted 00:22:35 (1265 turns).

Charly the Ruffian (Gargoyle Skald)                 Turns: 1265, Time: 00:22:35

Health: -6/37      AC: 12    Str: 18    XL:     6   Next: 71%
Magic:  9/9        EV:  7    Int: 12    God:    Zin [*.....]
Gold:   64         SH:  0    Dex:  9    Spells: 3 memorised, 3 levels left

rFire  . . .     SeeInvis .       - Unarmed
rCold  . . .     Gourm    .     f - +0 chain mail
rNeg   + . .     Faith    .     (no shield)
rPois  ∞         Spirit   .     (no helmet)
rElec  +         Dismiss  .     (no cloak)
rCorr  .         Reflect  .     (no gloves)
SustAt .         Harm     .     (no boots)
MR     .....                    (no amulet)
Stlth  ..........               (no ring)
                                (no ring)

@: not resistant to hostile enchantments, extremely unstealthy
A: negative energy resistance 1, electricity resistance, unbreathing,
petrification resistance, rot immunity, AC +4
a: Recite, Donate Gold, Renounce Religion


You were on level 6 of the Dungeon.
You worshipped Zin.
Zin was aware of your devotion.
You were not hungry.

You visited 1 branch of the dungeon, and saw 6 of its levels.

You collected 71 gold pieces.
You donated 7 gold pieces to Zin.

Inventory:

Hand Weapons
 a - a +1 blowgun
Armour
 f - a +0 chain mail (worn)
Scrolls
 d - 2 scrolls of identify
 n - a scroll of remove curse
Potions
 h - a potion of resistance
Books
 b - a book of Battle

   Spells                             Type                      Level
   a - Infusion                       Charms                       1
   b - Shroud of Golubria             Charms/Translocation         2
   c - Song of Slaying                Charms                       2
   d - Spectral Weapon                Hexes/Charms                 3
   e - Regeneration                   Charms/Necromancy            3
 j - a book of Power

   Spells                             Type                      Level
   a - Fulminant Prism                Conjuration/Hexes            4
   b - Iskenderun's Mystic Blast      Conjuration                  4
   c - Venom Bolt                     Conjuration/Poison           5
   d - Bolt of Magma                  Conjuration/Fire/Earth       5
   e - Iron Shot                      Conjuration/Earth            6
   f - Orb of Destruction             Conjuration                  7
   g - Spellforged Servitor           Conjuration/Summoning        7
Comestibles
 c - 3 bread rations
 m - a meat ration


   Skills:
 + Level 3.4 Fighting
 - Level 1.1 Armour
 - Level 0.7 Dodging
 * Level 6.4 Unarmed Combat
 - Level 2.0 Spellcasting
 - Level 2.6 Charms


You had 3 spell levels left.
You knew the following spells:

 Your Spells              Type           Power        Failure   Level  Hunger
i - Infusion              Chrm           #...         97%         1    ##.....
r - Regeneration          Chrm/Necr      #.........   100%        3    ####...
s - Song of Slaying       Chrm           #.......     99%         2    ###....


Dungeon Overview and Level Annotations

Branches:
Dungeon (6/15)
 Temple: D:4-7

Altars:
Dithmenos
Zin

Annotations:
D:5 appiemonkey's ghost, amateur TeAE


Innate Abilities, Weirdness & Mutations

You are resistant to torment.
Your stone body is resilient (AC +4).
You are immune to poison.
You resist negative energy.
You are resistant to electric shocks.
You can survive without breathing.
You are immune to petrification.
You are immune to rotting.


Message History

Drop what? 9/52 slots (_ for help) (? for menu, Esc to quit)
Okay, then.
The centaur unwields an uncursed shortbow.
The centaur barely misses you.
Wield which item (- for none, * to show all)? (? for menu, Esc to quit)
You are now empty-handed.
You punch the centaur!
The centaur is almost dead.
The centaur hits you.
* * * LOW HITPOINT WARNING * * *
You hit the centaur but do no damage.
The centaur is almost dead.
The centaur hits you but does no damage.
You hit the centaur.
You kill the centaur!
The wyvern bites you.
* * * LOW HITPOINT WARNING * * *
The wyvern bites you but does no damage.
The wyvern bites you!
You die...

........##.#
#.......##.#
#........#.#
..........#
#.#....### #
#.....### .
#.#....#.........
#.###.#.####.....
#.#..(..).l@.......
#.......#.###......
#.#..####(# .....
#.........# ###.
###..###### #.c #..
#.. ...


You could see a wyvern.

Vanquished Creatures
  A centaur (D:6)
  2 giant frogs (D:6)
  3 worker ants
  A hound zombie (D:5)
  A howler monkey skeleton (D:5)
  4 adders
  An adder zombie (D:5)
  3 giant geckos
  A giant cockroach (D:6)
  A goblin (D:2)
  4 hobgoblins
  4 kobolds
  A quokka (D:2)
  A ball python (D:3)
  3 bats (D:1)
  A giant gecko skeleton (D:5)
  2 giant newts
  2 rats
36 creatures vanquished.

Notes
Turn   | Place    | Note
--------------------------------------------------------------
     0 | D:1      | Charly the Gargoyle Skald began the quest for the Orb.
     0 | D:1      | Reached XP level 1. HP: 12/12 MP: 3/3
   151 | D:1      | Reached XP level 2. HP: 17/17 MP: 1/5
   161 | D:1      | Learned a level 2 spell: Song of Slaying
   240 | D:2      | Reached skill level 3 in Unarmed Combat
   293 | D:2      | Reached XP level 3. HP: 1/21 MP: 2/6
   298 | D:2      | Learned a level 3 spell: Regeneration
   641 | D:3      | Reached skill level 4 in Unarmed Combat
   665 | D:3      | Found a glowing silver altar of Zin.
   674 | D:3      | Became a worshipper of Zin the Law-Giver
   767 | D:5      | Entered Level 5 of the Dungeon
   773 | D:5      | Reached XP level 4. HP: 26/26 MP: 7/7
   793 | D:5      | Found a shadowy altar of Dithmenos.
   843 | D:5      | Reached * piety under Zin
   855 | D:5      | Reached skill level 5 in Unarmed Combat
   855 | D:5      | Reached XP level 5. HP: 25/30 MP: 8/8
   861 | D:5      | Noticed appiemonkey's ghost (amateur TeAE)
   979 | D:6      | HP: 1/30 [giant frog (2)]
  1178 | D:6      | Reached XP level 6. HP: 18/36 MP: 9/9
  1229 | D:6      | Reached skill level 6 in Unarmed Combat
  1259 | D:6      | Noticed a wyvern
  1265 | D:6      | Mangled by a wyvern

Skill      XL: |  1  2  3  4  5  6 |
---------------+-------------------+-----
Unarmed Combat | 3 4 5 6 |  6.4
Fighting       | 3 |  3.4
Armour         | |  1.1
Dodging        | |  0.7
Spellcasting   | |  2.0
Charms         | |  2.6

Action                   |  1- 3 |  4- 6 || total
-------------------------+-------+-------++-------
Melee: Unarmed           |    96 |    98 ||   194
       Punch             |       |     3 ||     3
 Fire: Blowgun           |     1 |    11 ||    12
 Cast: Infusion          |    12 |       ||    12
       Regeneration      |     1 |       ||     1
Invok: Donate Gold       |     1 |       ||     1
  Use: Potion            |     1 |     1 ||     2
       Scroll            |     2 |     5 ||     7
  Eat: Fruit             |     2 |       ||     2
       Chunk             |       |     1 ||     1
Armor: Leather armour    |    37 |       ||    37
       Chain mail        |    10 |    73 ||    83
Dodge: Dodged            |    44 |    47 ||    91
